AoeStats
← GORDONEGEV♿

Coastal Forest

510939727Analyzed
2v2 RM · 10h ago on Oct 3, 2026· 39m 17s· 4 players
Game mode
Random Map
Map size
Medium (4 player)
Population
200
Speed
Normal
Resources
Standard
Victory
Conquest
Starting age
Dark Age
Ending age
Imperial Age
RankedLock teamsTeams togetherTeam positionsShared explorationLock speedFull tech treeHidden civsTurbo modeCheats
Victory
Defeat
🇷🇺 Celts · Russia
955
+32
🇬🇧 Huns · United Kingdom
950
+16
🇦🇷 Varangians · Argentina
967
-17
🇦🇷 Romans · Argentina
929
-15
GORDONEGEV♿
9:53 Feudal Age
9:43 Loom
11:04 Double-Bit Axe
15:33 Horse Collar
16:56 Bloodlines
24:31 Castle Age
25:58 Light Cavalry
26:40 Husbandry
32:22 Bow Saw
32:19 Heavy Plow
32:12 Gold Mining
32:36 Fervor
32:55 Forging
32:45 Scale Mail Armor
32:51 Scale Barding Armor
35:39 Imperial Age
33:21 Ballistas
37:10 Imperial Age
36:35 Chain Mail Armor
36:55 Iron Casting
36:40 Chain Barding Armor
36:49 Padded Archer Armor
36:39 Fletching
37:21 Pikeman
38:51 Squires
Big-Tula
10:14 Feudal Age
9:54 Loom
11:08 Double-Bit Axe
11:21 Horse Collar
18:40 Bloodlines
22:47 Castle Age
22:45 Stone Mining
23:22 Forging
23:04 Light Cavalry
23:45 Husbandry
24:00 Fishing Lines
25:32 Iron Casting
26:10 Town Watch
26:34 Fletching
27:06 Bow Saw
26:28 Crossbowman
27:47 Pikeman
28:27 Squires
30:12 Wheelbarrow
30:35 Padded Archer Armor
30:39 Scale Mail Armor
32:16 Hand Cart
32:22 Gold Mining
33:04 Gillnets
OLIFANT
10:19 Feudal Age
10:48 Double-Bit Axe
10:47 Horse Collar
17:07 Stone Mining
17:07 Gold Mining
18:28 Wheelbarrow
22:02 Castle Age
22:45 Bloodlines
22:45 Scale Barding Armor
22:52 Forging
22:59 Heavy Plow
23:11 Bow Saw
23:49 Gold Shaft Mining
25:08 Light Cavalry
25:49 Husbandry
26:41 Hand Cart
32:38 Imperial Age
30:17 Marauders
30:57 Iron Casting
33:23 Elite Tarkan
34:26 Conscription
34:48 Chain Barding Armor
36:26 Blast Furnace
BOBBYREAL33
16:04 Feudal Age
16:58 Double-Bit Axe
17:23 Man-at-Arms
23:45 Castle Age
23:51 Castle Age
22:29 Arson
25:05 Long Swordsman
28:55 Bow Saw
31:58 Medium Warships
Connection lost

Rejoining the realm…

Still unreachable

The connection could not be restored.

Session expired

The server has moved on; the page needs a fresh start.